 Dungeon Crawl Stone Soup version 0.27-a0-765-ge4d627daa3 (webtiles) character file.

Game seed: 11883932217566292294

55 rageheart7 the Stinger (level 3, -3/30 HPs)
             Began as a Naga Venom Mage on Mar 24, 2021.
             Slain by a goblin
             ... wielding a +0 club
             ... led by Robin
              (4 damage)
             ... on level 2 of the Dungeon.
             The game lasted 00:03:47 (1397 turns).

rageheart7 the Stinger (Naga Venom Mage)            Turns: 1397, Time: 00:03:48

Health: -3/30      AC:  4    Str: 10    XL:     3   Next: 93%
Magic:  7/7        EV:  9    Int: 16    God:
Gold:   80         SH:  0    Dex: 11    Spells: 4/7 levels left

rFire    . . .     SeeInvis +   k - +1 dagger (pain)
rCold    . . .     Faith    .   (no shield)
rNeg     + . .     Spirit   .   a - +0 robe
rPois    +         Reflect  .   c - +1 helmet
rElec    .         Harm     .   (no cloak)
rCorr    .         Rampage  .   (no gloves)
Will     .....                  (no barding)
Stlth    ++........             (no amulet)
HPRegen  0.10/turn              g - ring of positive energy
MPRegen  0.10/turn              d - ring of see invisible

@: brilliant, flying, very slow
A: AC +1, large, see invisible, deformed body, poison resistance, slowness 2,
spit poison 1, naga tail 1
a: Spit Poison


You were on level 2 of the Dungeon.
You visited 1 branch of the dungeon, and saw 2 of its levels.

You collected 80 gold pieces.

Inventory:

Hand Weapons
 k - a +1 dagger of pain (weapon)
Armour
 a - a +0 robe (worn)
 c - a +1 helmet (worn)
Jewellery
 d - a ring of see invisible (left hand)
 g - a ring of positive energy (right hand)
Scrolls
 f - a scroll of teleportation {unknown}
 j - a scroll of identify {unknown}


   Skills:
 * Level 0.8 Fighting
 - Level 1.5 Dodging
 - Level 3.0 Stealth
 * Level 2.7 Spellcasting
 - Level 1.0 Transmutations
 * Level 5.3 Poison Magic


You had 4 spell levels left.
You knew the following spells:

 Your Spells              Type           Power      Damage    Failure   Level
a - Sting                 Tmut/Pois      72%        1d6       5%          1
b - Poisonous Vapours     Pois/Air       32%        N/A       10%         2

Your spell library contained the following spells:

 Spells                   Type           Power      Damage    Failure   Level
 Olgreb's Toxic Radiance  Pois           28%        N/A       22%         4
 Ignite Poison            Fire/Tmut/Pois 13%        N/A       24%         3
 Mephitic Cloud           Conj/Pois/Air  11%        N/A       28%         3


Dungeon Overview and Level Annotations

Branches:
Dungeon (2/15)

Altars:

Shops:
D:1 ==:[   D:2 =


Innate Abilities, Weirdness & Mutations

Your serpentine skin is tough. (AC +1)
You have supernaturally acute eyesight. (SInv)
Armour fits poorly on your strangely shaped body.
Your system is resistant to poisons. (rPois)
You cover ground very slowly.
You can spit poison.
You have a snake-like lower body.


Message History

The hobgoblin is lightly wounded.
The rat bites you but does no damage. The hobgoblin closely misses you.
You barely miss the hobgoblin.
The hobgoblin is lightly wounded.
The rat bites you but does no damage.
The hobgoblin hits you but does no damage.
You closely miss the hobgoblin.
The hobgoblin is lightly wounded.
The rat bites you.
* * * LOW HITPOINT WARNING * * *
The hobgoblin hits you.
* * * LOW HITPOINT WARNING * * *
You hit the hobgoblin.
The hobgoblin is moderately wounded.
The rat bites you but does no damage. The hobgoblin hits you.
* * * LOW HITPOINT WARNING * * *
Unknown command.
Casting: Sting (safe; 5% risk of failure)
Confirm with . or Enter, or press ? or * to list all spells.
Aiming: Sting (safe; 5% risk of failure)
Press: ? - help, Shift-Dir - straight line, f/p - hobgoblin
Aim: a hobgoblin (moderately wounded, 29% to evade)
The sting hits the hobgoblin.
The hobgoblin is poisoned.
The hobgoblin is almost dead.
The rat bites you.
* * * LOW HITPOINT WARNING * * *
The hobgoblin closely misses you.
It was a potion of brilliance.
You feel clever all of a sudden. The rat bites you but does no damage.
The hobgoblin hits you.
* * * LOW HITPOINT WARNING * * *
It was a potion of flight.
You feel very buoyant.
You fly up into the air.
You kill the hobgoblin!
The rat twitches its whiskers.
The rat bites you but does no damage.
It was a potion of magic.
Magic courses through your body. The rat bites you but does no damage.
The goblin hits you with a +0 club.
You die...

# #. ..# ##.#.###..# #
###..#......#..
#..............
#....).......#
#.gg.........#. .....
#.)....(. >.... #r######.#
.. ...... #@# +.## ..
g..... ##g# #..# .
......###..# #..##.####
g...g..!...# #...#.....
...........######.........
g.........................
..........................
..$.............†.....(...
..........................


You could see a goblin and a rat.

Vanquished Creatures
  Robin (D:2)
  An adder (D:2)
  A dart slug (D:1)
  3 ball pythons (D:1)
  3 bats
  An endoplasm (D:1)
  7 goblins
  5 hobgoblins
  2 quokkas (D:2)
  3 frilled lizards
  3 rats (D:1)
30 creatures vanquished.

Vanquished Creatures (others)
  5 plants (D:2)
5 creatures vanquished.

Grand Total: 35 creatures vanquished

Notes
Turn   | Place    | Note
-------+----------+-------------------------------------------
     0 | D:1      | rageheart7 the Naga Venom Mage began the quest for the Orb.
     0 | D:1      | Reached XP level 1. HP: 15/15 MP: 3/3
    12 | D:1      | Found Olewua's Armour Emporium.
    71 | D:1      | Found Emovy's Book Shop.
   407 | D:1      | Found Zisy's Jewellery Boutique.
   450 | D:1      | Reached XP level 2. HP: 16/22 MP: 1/5
   565 | D:1      | Found Uvaoch's Armour Boutique.
   759 | D:1      | Found Miop's Jewellery Boutique.
  1259 | D:2      | Found Eroahia's Jewellery Emporium.
  1275 | D:2      | Reached skill level 5 in Poison Magic
  1275 | D:2      | Reached XP level 3. HP: 26/30 MP: 3/6
  1289 | D:2      | Learned a level 2 spell: Poisonous Vapours
  1363 | D:2      | Noticed Robin
  1369 | D:2      | Killed Robin
  1395 | D:2      | HP: 1/30 [hobgoblin[Robin] (1)]
  1397 | D:2      | Slain by a goblin

Illustrated notes

Levels and vault maps discovered:
D:1:      minmay_arrival_cross, layout_loops_corners, serial_shops, shop, shop,
          shop, nicolae_shop_competitors_out_of_business,
          nicolae_shop_temple_entry_statues_fountains, hangedman_decor_points,
          minmay_tromino_v4_a
D:2:      layout_rooms, overflow_temple_1_default, general_overflow_altar,
          serial_forest, infiniplex_forest_lined_3, infiniplex_forest_pool,
          infiniplex_forest_straight_5, infiniplex_forest_end_3,
          infiniplex_forest_lined_4_way, infiniplex_forest_straight_2,
          infiniplex_forest_straight_1, infiniplex_forest_zigzag_2,
          serial_shops, shop, doesnt_xom_only_xom, uniq_robin,
          uniq_crazy_yiuf_cottage

Skill      XL: |  1  2 |
---------------+-------+-----
Poison Magic   | 5 |  5.3
Fighting       | |  0.8
Dodging        | |  1.5
Stealth        | |  3.0
Spellcasting   | |  2.7
Transmutations | |  1.0

Action                   || total
-------------------------++-------
Melee: Dagger            ||    66
       Unarmed           ||     2
 Cast: Sting             ||    22
       Poisonous Vapours ||     2
  Use: Potion            ||     3
 Stab: Sleeping          ||     6
Armor: Robe              ||    46
Dodge: Dodged            ||    34

Table legend: (Time is in decaauts)
 A = Elapsed time spent in this place.
 B = Non-inter-level travel time spent in this place.
 C = Inter-level travel time spent in this place.
 D = Time resting spent in this place.
 E = Time spent auto-exploring this place.
 F = Levels seen in this place.
 G = Mean time per level.
                   A        B        C        D        E       F      G
               +--------+--------+--------+--------+--------+-----+--------+
         Total |   1766 |   1642 |    124 |    140 |   1232 |   2 |  883.0 |
       Dungeon |   1766 |   1642 |    124 |    140 |   1232 |   2 |  883.0 |
               +--------+--------+--------+--------+--------+-----+--------+

Top non-repeatable levels by time:
     D:1: 1510 daAuts
     D:2: 255 daAuts
